[Event "*** Titled Tuesday Blitz"]
[Site "Chess.com"]
[Date "2020.10.27"]
[Round "1"]
[White "coco_crc"]
[Black "chessasuke"]
[Result "0-1"]
[WhiteElo "2182"]
[BlackElo "2559"]
[TimeControl "180+1"]
[EndTime "10:08:11 PDT"]
[Termination "chessasuke won by resignation"]

1. e4 c5 2. Nf3 e6 3. c3 Nf6 4. e5 Nd5 5. d4 cxd4 6. Bc4 Nc6 7.
cxd4 d6 8. Qe2 Be7 9. O-O O-O 10.
Nc3 Nxc3 11. bxc3 Qc7 12. exd6 Bxd6 13. Bd2 b6 14. Bd3 g6 15. Bh6 Re8 16. Rfc1 Bb7 17. h4 Bf4 18. Bxf4 Qxf4 19. Qe3 Qxe3 20. fxe3 Rac8 21. Bb5 Red8 22. Bxc6 Bxc6 23. c4 f6 24. Kf2 b5 25. cxb5 Bxb5 26. Rab1 a6 27. Nd2 Kf7 28. Nb3 e5 29. dxe5 fxe5 30. Rxc8 Rxc8 31. Rc1 Rxc1 32. Nxc1 Bc4 33. Ke1 Ke6 34. Kd2 Kf5 35. Kc3 Bd5 36.
Nd3 Bxg2 37. Nc5 Bf1 38. a4 h5 39. Kd2 Kg4 40. Nd7 Kxh4 41. Nxe5 Kg5 42. Ke1 Bg2 43. Nd3 Bc6 44. a5 Bb5 45. Nf4 Kf5 46. Kf2 h4 47. Kf3 Bc6+ 48. Kf2 g5 49. Ne2 Ke5 50. Nd4 Bd5 51.
Ne2 Bc4 52. Nd4 g4 53. Nc6+ Ke4 54. Nd4 Bd5 55. Ne2 g3+ 56. Nxg3+ hxg3+ 57. Kxg3 Kxe3 58. Kg4 Be6+ 59. Kg3 Bd7 60. Kg2 Bb5 61. Kg3 Be2 62. Kg2 Bc4 63. Kg3 Bd5 64. Kg4 Bc6 65. Kg3 Bb7 66. Kg4 Kd4 67. Kf4 Ba8 68. Kf5 Kc5 69. Ke5 Bb7 70. Ke6 Kb5 71. Ke5 Kxa5 72. Kd4 Kb4 0-1

[Event "*** Titled Tuesday Blitz"]
[Site "Chess.com"]
[Date "2020.10.27"]
[Round "1"]
[White "TST2014"]
[Black "Dream2World_Number1"]
[Result "0-1"]
[WhiteElo "2494"]
[BlackElo "2025"]
[TimeControl "180+1"]
[EndTime "10:08:11 PDT"]
[Termination "Dream2World_Number1 won on time"]

1. d4 Nf6 2. c4 e6 3. Nf3 b6 4.
a3 Bb7 5. Nc3 g6 6. g3 Bg7 7.
Bg2 O-O 8. O-O Ne4 9. Qc2 Nxc3 10. Qxc3 d6 11. h4 h6 12. Re1 Nd7 13. e4 e5 14.
d5 f5 15. h5 fxe4 16. Nh4 g5 17. Ng6 Rf7 18. Bxe4 Nf8 19. Qd3 Bc8 20. Be3 Qf6 21.
b4 Nxg6 22. Bxg6 Rf8 23. Be4 a5 24. c5 bxc5 25. bxc5 Bg4 26. Rab1 Bxh5 27. Rb7 Rf7 28. c6 Bf3 29. Reb1 Raf8 30. Ra7 h5 31. Rbb7 h4 32.
Rxc7 Rxc7 33. Rxc7 hxg3 34. fxg3 Bxe4 35. Qxe4 Qf1+ 36.
Kh2 Qe2+ 37. Kh3 Qf1+ 38. Qg2 Qd3 39. Bxg5 Qf5+ 40. Kh4 Qh7+ 41. Kg4 Qf5+ 42. Kh4 Bf6 43. Qd2 Qh7+ 44. Kg4 Qxc7 45. Bxf6 Rxf6 46. Qg5+ Qg7 47. c7 Qxg5+ 48. Kxg5 Rf8 49. g4 Rc8 50. Kf5 Rxc7 51. Ke6 Rc3 52. Kxd6 Rxa3 53. Kxe5 Rd3 54. d6 a4 55. Ke4 Rxd6 0-1

[Event "*** Titled Tuesday Blitz"]
[Site "Chess.com"]
[Date "2020.10.27"]
[Round "1"]
[White "malakismayil"]
[Black "BlackBoarder"]
[Result "0-1"]
[WhiteElo "2269"]
[BlackElo "2607"]
[TimeControl "180+1"]
[EndTime "10:08:13 PDT"]
[Termination "BlackBoarder won by resignation"]

1. e4 e6 2. d4 d5 3. Nd2 c5 4. Ngf3 cxd4 5. Nxd4 Nf6 6. Bd3 Bc5 7.
N4b3 Bb6 8. O-O O-O 9. Qe2 Nc6 10. c3 Re8 11. Bc2 e5 12. h3 Be6 13. Kh1 d4 14.
cxd4 Nxd4 15. Nxd4 Qxd4 16. Nb3 Qb4 17. Bd2 Qe7 18.
Bc3 Rac8 19. Rfd1 Nd7 20. Rd2 f6 21. Rad1 Nc5 22. Nxc5 Bxc5 23. a3 Bxa3 24. Ba4 Rf8 25. Bd7 Rc7 26. Bxe6+ Qxe6 27. Rd5 Bc5 28. Qd2 h6 29. f4 exf4 30. Qxf4 Bb6 31. Rd6 Qc4 32. Qg4 Kh8 33. Rd8 Rf7 34. R8d5 Re8 35. Bd4 Qc2 36. Bxb6 axb6 37. Rd8 Rff8 38. Rxe8 Rxe8 39. Rd7 Rg8 40. b4 Qb1+ 41. Kh2 Qxb4 42. Qe6 Qc5 43. Qf7 b5 44.
Rxb7 Qe5+ 45. Kh1 Qxe4 46. Rxb5 Qe1+ 47. Kh2 Re8 48. Rb7 Qe5+ 49. Kh1 f5 50. Qg6 Rd8 51. Rb1 Rd6 52. Rg1 Rxg6 0-1

[Event "*** Titled Tuesday Blitz"]
[Site "Chess.com"]
[Date "2020.10.27"]
[Round "1"]
[White "Khazieva_Elza"]
[Black "rasmussvane"]
[Result "1-0"]
[WhiteElo "2475"]
[BlackElo "2872"]
[TimeControl "180+1"]
[EndTime "10:08:14 PDT"]
[Termination "Khazieva_Elza won by resignation"]

1. e4 c6 2. d3 d5 3. Nd2 e5 4. Ngf3 Bd6 5. g3 Nf6 6. Bg2 O-O 7. O-O Re8 8. Re1 Nbd7 9. c3 Nf8 10. d4 dxe4 11.
Nxe4 Nxe4 12. Rxe4 f5 13. Re1 e4 14. Ng5 h6 15.
Qb3+ Ne6 16. Nh3 Kh7 17. f3 exf3 18. Bxf3 Rb8 19. Bd2 Bd7 20. Re2 Qf6 21. Rae1 Re7 22. Nf4 Nxf4 23. Bxf4 Rxe2 24. Rxe2 Bxf4 25. gxf4 Qh4 26.
Qf7 Qxf4 27. Re7 Rg8 28. Bh5 Qg5+ 29. Kf1 Bc8 30. Rc7 b6 31. Rxa7 f4 32. Ke1 Bf5 33.
Re7 Qg1+ 34. Kd2 Qb1 35. Ke2 Qc2+ 36. Kf3 Qd3+ 37. Kxf4 Bh3 38. Re8 Qd2+ 39. Kf3 Qd1+ 40. Kg3 Qg1+ 41. Kxh3 Rxe8 42. Qxe8 Qf1+ 43. Kh4 Qf4+ 44.
Kh3 Qf5+ 45. Bg4 Qd3+ 46. Kh4 Qd2 47. Bf3 Qg5+ 48. Kh3 Qf5+ 49. Kg3 Qg5+ 50. Kf2 Qd2+ 51. Be2 Qf4+ 52. Ke1 Qc1+ 53. Kf2 Qf4+ 54. Bf3 Qd2+ 55.
Qe2 Qf4 56. Qe4+ Qxe4 57. Bxe4+ 1-0

[Event "*** Titled Tuesday Blitz"]
[Site "Chess.com"]
[Date "2020.10.27"]
[Round "1"]
[White "Mikhail_Golubev"]
[Black "natelleka"]
[Result "0-1"]
[WhiteElo "2536"]
[BlackElo "2191"]
[TimeControl "180+1"]
[EndTime "10:08:14 PDT"]
[Termination "natelleka won by resignation"]

1. e4 e5 2. Nf3 Nf6 3. Nc3 Bb4 4. Nxe5 O-O 5. Nd3 Bxc3 6. dxc3 Nxe4 7. Be2 d5 8. O-O Nc6 9. Nf4 Nf6 10. Bf3 Be6 11. Re1 Qd6 12. c4 dxc4 13. Qxd6 cxd6 14. Nxe6 fxe6 15.
Rxe6 Rfe8 16. Rxe8+ Rxe8 17. Be3 d5 18. Rd1 d4 19.
Bxc6 bxc6 20. Bxd4 Rd8 21. c3 c5 22. f3 cxd4 23. cxd4 Nd5 24. Kf2 Kf7 25. Rc1 Rc8 26. a3 c3 27. b4 Rc4 28. Rd1 c2 29. Rc1 Nc3 30. Ke3 Na2 31. Kd3 Nxc1+ 32. Kxc4 Ne2 33. Kd3 c1=Q 34. g3 Qd1+ 35. Ke3 Qxd4+ 36. Kxe2 Qb2+ 37. Kd3 Qxa3+ 38. Kc4 Qa2+ 39. Kb5 Qb3 40. Ka5 Ke6 41. Kb5 Kd6 42. f4 Kc7 43. Kc5 Kb7 44.
Kb5 a6+ 45. Kc5 Qc3+ 46. Kd5 Qxb4 47. Ke6 Qe4+ 48. Kf7 Qd4 49. Kg8 h6 50. Kh7 Kc7 51. Kg6 Kd7 52. g4 Ke7 53. f5 Qf6+ 54. Kh7 Kf7 55.
h4 Qd8 0-1

[Event "*** Titled Tuesday Blitz"]
[Site "Chess.com"]
[Date "2020.10.27"]
[Round "1"]
[White "Chessdreamer2020"]
[Black "BilodeauA"]
[Result "0-1"]
[WhiteElo "2465"]
[BlackElo "2898"]
[TimeControl "180+1"]
[EndTime "10:08:16 PDT"]
[Termination "BilodeauA won on time"]

1. e4 c5 2. Nf3 Nc6 3. Bb5 g6 4. O-O Bg7 5. c3 Nf6 6. Qa4 O-O 7. d4 cxd4 8. cxd4 d6 9. Bxc6 bxc6 10. Qxc6 Bd7 11.
Qc2 Rc8 12. Nc3 d5 13. e5 Ne4 14. Be3 Qa5 15. Rfc1 Bf5 16. Qb3 Nxc3 17. Rxc3 Rxc3 18. Qxc3 Qxc3 19. bxc3 Rc8 20. Bd2 f6 21. Kf1 Bd3+ 22. Ke1 Kf7 23. Kd1 g5 24. h3 h5 25. Ne1 Bg6 26.
exf6 exf6 27. a4 Bf8 28. Ra2 Rb8 29. Ke2 Re8+ 30. Be3 f5 31. Nd3 f4 32. Ne5+ Rxe5 33. dxe5 fxe3 34. Kxe3 Bc5+ 35. Ke2 Ke6 36. Rb2 Kxe5 37. Rb7 Be8 38. Rg7 Kf6 39. Rh7 Bxa4 40. Rxh5 a5 41. h4 Bb3 42. hxg5+ Kg6 43. g4 Bc4+ 44.
Ke1 a4 45. f4 a3 46. Rh8 a2 47. Rg8+ Kf7 48. Ra8 Be3 49. f5 Bxg5 50. Kd1 Kf6 51. Kc2 Be3 52. Kb2 Bd2 53. Rf8+ Kg7 54. Ra8 Kf7 55.
Ra7+ Kf6 56. Ra8 Be3 57. Rf8+ Kg7 58. Ra8 d4 59. Ra4 dxc3+ 60. Kxc3 Bf7 61. Kd3 Bg5 0-1

[Event "*** Titled Tuesday Blitz"]
[Site "Chess.com"]
[Date "2020.10.27"]
[Round "1"]
[White "MartinMatthiesen"]
[Black "penguingm1"]
[Result "0-1"]
[WhiteElo "2417"]
[BlackElo "2807"]
[TimeControl "180+1"]
[EndTime "10:08:16 PDT"]
[Termination "penguingm1 won by checkmate"]

1. d4 d5 2. c4 e6 3. Nc3 Be7 4. cxd5 exd5 5. Bf4 c6 6. Qc2 Nf6 7. e3 Nh5 8. Bg3 Nd7 9. Bd3 g6 10. Nf3 O-O 11. O-O-O b5 12. Kb1 Nb6 13. Ne5 Bd7 14.
Rc1 Nc4 15. Bxc4 bxc4 16. Ka1 Be8 17. e4 f6 18. Nf3 Bf7 19. Rce1 Bb4 20. e5 Re8 21.
exf6 Qxf6 22. Bh4 Qf5 23. Qxf5 gxf5 24. Ne5 Re6 25. Nxf7 Kxf7 26. Rxe6 Kxe6 27. Re1+ Kf7 28. Re5 Ng7 29. a3 Bd6 30. Re3 f4 31. Re1 Nf5 32.
Bg5 Nxd4 33. Rd1 Ne6 34. Bh4 Nc5 35. Ka2 Re8 36. f3 Nd3 37. Rd2 Be5 38. Nd1 Rb8 39. Bg5 Kg6 40. Bh4 Kf5 41. Bf2 Rb7 42. Bg1 a5 43.
g4+ fxg3 44. hxg3 Bxg3 45. Ne3+ Kg6 46. Rg2 Kf7 47. Rxg3 Rxb2+ 48. Ka1 Rb3 49. Nc2 Rb2 50.
Rg2 c3 51. Bd4 Rb3 52. Ka2 Nc1+ 53. Ka1 a4 54. f4 Nd3 55. f5 c5 56. Bh8 d4 57. Rg7+ Kf8 58. Rxh7 Rb2 59. Rh2 Nc1 60. f6 Nb3# 0-1

[Event "*** Titled Tuesday Blitz"]
[Site "Chess.com"]
[Date "2020.10.27"]
[Round "1"]
[White "Ajedrez_con_German"]
[Black "HouseOfDurin"]
[Result "1-0"]
[WhiteElo "2542"]
[BlackElo "2150"]
[TimeControl "180+1"]
[EndTime "10:08:20 PDT"]
[Termination "Ajedrez_con_German won on time"]

1. Nf3 c5 2. c4 Nc6 3. d4 cxd4 4. Nxd4 e5 5. Nc2 Nf6 6. Nc3 Be7 7. g3 O-O 8. Bg2 d6 9. O-O Be6 10. Ne3 Rc8 11. b3 a6 12. Bb2 Qd7 13. Ncd5 Bxd5 14. Nxd5 Nxd5 15. Bxd5 Rfd8 16. e3 Nb4 17. Bg2 d5 18. Bxe5 Qe6 19. Bd4 dxc4 20. bxc4 Rxc4 21. Bxb7 Nc2 22. Rc1 Nxd4 23. Rxc4 Qxc4 24. exd4 Qxd4 25. Qf3 a5 26. Re1 Qf6 27. Qe4 Bc5 28. Re2 g6 29. Kg2 Rd6 30. Bd5 Kg7 31. Bb3 Rd4 32. Qe5 Qxe5 33.
Rxe5 Bb6 34. Rb5 Rd6 35. h4 h5 36. Re5 Rf6 37. f4 Bc7 38. Re7 Bd6 39. Ra7 Bb4 40.
Kf3 Rf5 41. Bc4 Rf6 42. a4 Bc3 43. Bd5 Bb4 44. Be4 Bc3 45. Rc7 Bb4 46. Bd5 Bd6 47. Rb7 Bb4 48. Rd7 Bc3 49. Ke4 Bb4 50. Ra7 Bc3 51.
Rb7 Bb4 52. Rc7 Bd2 53. Kf3 Bb4 54. Be4 Bd2 55. Rd7 Bb4 56. Rd5 Bc3 57. f5 Bb4 58.
Kg2 Kh6 59. fxg6 fxg6 60. Rd7 Bd2 61. Bf3 1-0

[Event "*** Titled Tuesday Blitz"]
[Site "Chess.com"]
[Date "2020.10.27"]
[Round "1"]
[White "oskariot"]
[Black "kakakz"]
[Result "1-0"]
[WhiteElo "2715"]
[BlackElo "2365"]
[TimeControl "180+1"]
[EndTime "10:08:21 PDT"]
[Termination "oskariot won by resignation"]

1. e4 c5 2. Nf3 d6 3. d4 cxd4 4. Nxd4 Nf6 5. Nc3 Nc6 6. Be2 e5 7. Nb3 Be7 8. O-O a5 9. a4 O-O 10. f4 Nb4 11. Kh1 Be6 12. f5 Bd7 13. Nd5 Nxe4 14.
Nxe7+ Qxe7 15. c3 Na6 16. f6 Nxf6 17. Bg5 Nc7 18. Bxf6 gxf6 19. Qd2 f5 20. Qh6 Qe6 21. Qg5+ Kh8 22. Nd2 Rg8 23. Qh4 Nd5 24. Bc4 Bc6 25.
Rf2 Rg4 26. Qh3 Rag8 27. Rg1 Qg6 28. Bxd5 Bxd5 29. Nf3 f4 30. Rd2 Bc6 31. Rf2 e4 32. Nd4 Bd5 33. c4 f3 34. cxd5 e3 35. Rxf3 Rxd4 36.
Rxe3 Rxa4 37. Rg3 Rg4 38. Rxg4 Qxg4 39. Qc3+ Rg7 40. Qxa5 h6 41. Qd8+ Kh7 42. Qxd6 Qd4 43. b4 Qf2 44. Qc5 Qd2 45. d6 Rg6 46. Qf5 Kg7 47. Qe5+ Kh7 48. Qe7 Kg7 49. Qxb7 Rxd6 50. b5 Qf2 51. Qf3 Qxf3 52. gxf3+ Kf6 53. Rb1 Rb6 54. Kg2 Ke5 55. Kg3 Kd5 56. Kf4 Kc5 57. Kf5 Rg6 58. b6 Rg5+ 59. Kf6 Rg8 60. b7 Rb8 61.
Kxf7 Kd4 62. Kg6 Ke3 63. Rb3+ Kf4 64. Kxh6 1-0

[Event "*** Titled Tuesday Blitz"]
[Site "Chess.com"]
[Date "2020.10.27"]
[Round "1"]
[White "MarkEvgenievich"]
[Black "xamax2000"]
[Result "0-1"]
[WhiteElo "2318"]
[BlackElo "2662"]
[TimeControl "180+1"]
[EndTime "10:08:21 PDT"]
[Termination "xamax2000 won on time"]

1. d4 Nf6 2. c4 g6 3. Nc3 Bg7 4.
e4 d6 5. Be2 O-O 6. Bg5 c5 7. d5 e6 8. Qd2 exd5 9. exd5 Bf5 10.
Nf3 Qb6 11. Nh4 Ne4 12. Nxe4 Bxe4 13. f3 Qxb2 14. Rc1 h6 15. Bxh6 Qxd2+ 16. Bxd2 Bf6 17. fxe4 Bxh4+ 18. g3 Bf6 19. O-O Nd7 20. Rb1 b6 21. a4 Rfe8 22. Bd3 Re7 23. Kg2 Rae8 24. a5 Bd4 25. axb6 axb6 26. Bg5 f6 27. Bc1 Ra8 28. Rd1 Ne5 29. Be2 Ra2 30. Rd2 Rea7 31. Kf1 Ra1 32. Rxa1 Rxa1 33. Rd1 Kg7 34. Kg2 Kf7 35. h4 Rb1 36. h5 gxh5 37. Bxh5+ Ke7 38. Be2 Bb2 39. Bxb2 Rxb2 40. Kf1 Rc2 41. Rb1 Nxc4 42. Bxc4 Rxc4 43. Rxb6 Rxe4 44. Rb7+ Kd8 45. Rf7 Re5 46. Rxf6 Rxd5 47.
Ke2 c4 48. Rf4 Rc5 49. Kd2 d5 50. Kc3 Ke7 51. g4 Rc8 52. Rf5 Ke6 53. Rh5 Rg8 54. g5 Rf8 55. g6 Rf3+ 56. Kd4 Rd3+ 57. Kc5 c3 0-1

[Event "*** Titled Tuesday Blitz"]
[Site "Chess.com"]
[Date "2020.10.27"]
[Round "1"]
[White "MFBerna"]
[Black "nurgyulsalimova"]
[Result "0-1"]
[WhiteElo "2365"]
[BlackElo "2717"]
[TimeControl "180+1"]
[EndTime "10:08:24 PDT"]
[Termination "nurgyulsalimova won by resignation"]

1. b3 d5 2. Bb2 Nf6 3. Nf3 e6 4. e3 Be7 5. d4 O-O 6. Be2 b6 7. O-O Bb7 8. Nbd2 c5 9. c4 Nbd7 10. Rc1 cxd4 11. Nxd4 Rc8 12. cxd5 Nxd5 13. Bf3 Rxc1 14.
Qxc1 Nc5 15. Qb1 Bf6 16. Rd1 Qe7 17. Ne4 Nxe4 18. Bxe4 g6 19. Rc1 Rd8 20. h3 Kg7 21. Nc6 Bxc6 22. Rxc6 Bxb2 23. Qxb2+ Nf6 24. Bf3 e5 25. Qc3 Rd7 26. a4 h5 27. g3 Rd6 28.
Rc7 Rd7 29. Rxd7 Nxd7 30. Qc7 Qe6 31. Be2 a5 32. Kg2 Nc5 33. Bc4 Qf5 34. Bd5 Qf6 35. h4 Nd3 36. f4 exf4 37. gxf4 Qb2+ 38. Kh3 Qf6 39. Bc4 Nf2+ 40. Kg2 Ng4 41. Kf3 Nh2+ 42.
Kg3 Ng4 43. Kf3 Nh6 44. Qe5 Qxe5 45. fxe5 Nf5 46. Kf4 Nxh4 47. Bd5 Nf5 48. Be4 Ne7 49. Bf3 f6 50. exf6+ Kxf6 51. Ke4 h4 52. Bg4 Kg5 53.
Bh3 Nc6 54. Kd5 Nb4+ 55. Kc4 Kf6 56. Kb5 Nd5 57. e4 Nf4 58. Kxb6 Nxh3 59. b4 axb4 60. a5 b3 61. a6 b2 62. a7 b1=Q+ 0-1

[Event "*** Titled Tuesday Blitz"]
[Site "Chess.com"]
[Date "2020.10.27"]
[Round "1"]
[White "Generalas"]
[Black "cassoulet"]
[Result "0-1"]
[WhiteElo "2334"]
[BlackElo "2673"]
[TimeControl "180+1"]
[EndTime "10:08:26 PDT"]
[Termination "cassoulet won by resignation"]

1. e4 e6 2. d4 d5 3. exd5 exd5 4. c4 Nf6 5. Nc3 dxc4 6. Bxc4 Bd6 7. Nf3 O-O 8. O-O Bg4 9. Bg5 Nbd7 10. Qd3 h6 11.
Bh4 a6 12. Ne4 b5 13. Bb3 Be7 14. Bg3 c5 15. dxc5 Nxc5 16. Nxc5 Bxc5 17. Qxd8 Raxd8 18. Ne5 Bh5 19. Rac1 Ne4 20. Rfe1 Nxg3 21. hxg3 Bb4 22. Re4 Bd6 23. Nc6 Rde8 24. Rd4 Bc7 25. Rd7 Bb6 26. Ne7+ Kh8 27. Rc6 Bd8 28. Nd5 a5 29. a4 bxa4 30.
Bxa4 Re1+ 31. Kh2 Bg4 32. Ra7 Re2 33. Ne3 Be6 34. Rd6 Rxf2 35. Ra8 Be7 36. Rxf8+ Bxf8 37. Rd8 Kg8 38. b3 g6 39. Nc4 Kg7 40. Ra8 Bd5 41.
Rxa5 Bxg2 42. Kg1 Rc2 43. Ne3 Bc5 44. Rxc5 Rxc5 45. Kxg2 f5 46. Kf3 Kf6 47. b4 Rc3 48. b5 g5 49. Ke2 Ke5 50. Bc2 f4 51. gxf4+ gxf4 52. Ng4+ Kd4 53. Kd2 h5 54. Nf2 h4 55.
Bd3 Rb3 56. Be2 Rb2+ 57. Ke1 Rb3 58. Bd1 Rxb5 59. Ke2 Rb2+ 60. Kf3 Rd2 61. Ba4 Ke5 62. Bb5 Rb2 63. Bd3 Rb3 64. Kg4 Kd4 65. Kxh4 Ke3 66. Ng4+ Kxd3 67. Kg5 f3 68. Ne5+ Ke2 0-1

[Event "*** Titled Tuesday Blitz"]
[Site "Chess.com"]
[Date "2020.10.27"]
[Round "1"]
[White "Caterpiller35"]
[Black "Supernotar"]
[Result "1-0"]
[WhiteElo "2469"]
[BlackElo "2850"]
[TimeControl "180+1"]
[EndTime "10:08:31 PDT"]
[Termination "Caterpiller35 won by checkmate"]

1. d4 d5 2. Bf4 Nf6 3. e3 e6 4. Nd2 Bd6 5. Bg3 c5 6. c3 Qc7 7. Ngf3 Nbd7 8. Bd3 O-O 9. Qe2 e5 10. dxe5 Nxe5 11. Nxe5 Bxe5 12. e4 dxe4 13. Nxe4 Bxg3 14. hxg3 Nxe4 15. Qxe4 g6 16. O-O-O Qd8 17. Qf4 h5 18.
Bxg6 Qxd1+ 19. Rxd1 fxg6 20. Qc4+ Kg7 21. Qxc5 Bf5 22.
Qe5+ Kg8 23. Rd6 Rae8 24. Qd5+ Rf7 25. Rd8 Rxd8 26. Qxd8+ Kh7 27. Qd4 b6 28. a4 Re7 29.
b3 Rd7 30. Qf4 Kg7 31. f3 Be6 32. Kb2 Bf7 33. Qe5+ Kf8 34. Qh8+ Ke7 35. Qe5+ Kf8 36. Qe3 Re7 37. Qd3 Re6 38. Qd8+ Be8 39. Ka3 Rc6 40.
c4 Re6 41. Qb8 Re7 42. Qf4+ Kg7 43. Kb4 Bf7 44. g4 hxg4 45. Qxg4 Re6 46. Qd4+ Kg8 47. a5 bxa5+ 48. Kxa5 a6 49. g4 Be8 50. b4 Kf7 51. f4 Rf6 52. g5 Re6 53. Qd5 Ke7 54.
Qc5+ Kf7 55. b5 axb5 56. cxb5 Re1 57. Qc4+ Ke7 58. Qb4+ Kf7 59. Qxe1 Bd7 60. Qe5 Bf5 61. Qf6+ Kg8 62. b6 Be4 63. Ka6 Kh7 64. Ka7 Bd5 65. b7 Bf7 66. Qxf7+ Kh8 67. b8=Q# 1-0

[Event "*** Titled Tuesday Blitz"]
[Site "Chess.com"]
[Date "2020.10.27"]
[Round "1"]
[White "Dr_crypt"]
[Black "Oleksandr_Bortnyk"]
[Result "0-1"]
[WhiteElo "2467"]
[BlackElo "2906"]
[TimeControl "180+1"]
[EndTime "10:08:33 PDT"]
[Termination "Oleksandr_Bortnyk won on time"]

1. d4 d6 2. Nf3 Nf6 3. Nc3 Bf5 4. g3 c6 5. Bg2 h6 6. O-O Qc7 7. Re1 e5 8. e4 Bg4 9. h3 Bxf3 10.
Bxf3 Nbd7 11. Bg2 Be7 12. Be3 Nb6 13. b3 Rd8 14. a4 a5 15. Qe2 O-O 16. Rad1 Rfe8 17.
d5 Nbd7 18. Qc4 Rc8 19. Bf1 cxd5 20. exd5 Qd8 21. Qd3 Nc5 22. Bxc5 Rxc5 23. Ne4 Nxe4 24. Qxe4 Rf8 25. c4 f5 26. Qc2 g6 27. Kh2 Bf6 28.
f3 h5 29. Bd3 Kg7 30. Kg2 Qb6 31. g4 hxg4 32. hxg4 e4 33. Be2 Bh4 34. Rh1 g5 35. gxf5 Rxd5 36. Rdf1 Rdxf5 37. Qxe4 Re5 38. Qd3 Rfe8 39.
Bd1 Re3 40. Qf5 R8e5 41. Qd7+ Re7 42. Qg4 Kf8 43. Rxh4 gxh4 44. Qxh4 Rg7+ 45. Kh1 Ree7 46. Bc2 Qe3 47. Qh8+ Kf7 48. Qh5+ Kf8 49. Qh8+ Rg8 50. Qf6+ Ke8 51. Bf5 Qg5 52. Qxg5 Rxg5 53. Be4 Re6 54. Rf2 Rh6+ 55. Rh2 Rxh2+ 56. Kxh2 b6 57. f4 Rg4 58. Bc6+ Ke7 59. f5 Kf6 0-1

[Event "*** Titled Tuesday Blitz"]
[Site "Chess.com"]
[Date "2020.10.27"]
[Round "1"]
[White "DenLaz"]
[Black "Chessmatus"]
[Result "0-1"]
[WhiteElo "2775"]
[BlackElo "2426"]
[TimeControl "180+1"]
[EndTime "10:08:33 PDT"]
[Termination "Chessmatus won on time"]

1. d4 Nf6 2. c4 g6 3. Nc3 d5 4. Bf4 Bg7 5. e3 O-O 6. cxd5 Nxd5 7. Nxd5 Qxd5 8. Bxc7 Na6 9. Bxa6 Qxg2 10. Qf3 Qxf3 11. Nxf3 bxa6 12. Rc1 Bb7 13. Ke2 Rac8 14. Rc5 f6 15. Rhc1 Rf7 16. d5 f5 17. Be5 Rff8 18. Kd3 Rcd8 19. Kd4 Bf6 20. h4 e6 21. Bxf6 Rxf6 22. Ke5 Rff8 23. Ng5 Rxd5+ 24. Rxd5 Bxd5 25. Rc7 Rb8 26. b3 Rb7 27. Rxb7 Bxb7 28. Nxe6 a5 29. Nc5 Bc6 30. Kf6 Kf8 31. Ne6+ Ke8 32. Nd4 Be4 33.
Kg7 Ke7 34. Kxh7 Kf6 35. Kh6 Bb1 36. a3 Ba2 37. f4 a6 38. h5 gxh5 39. Kxh5 Bb1 40.
Kh4 Be4 41. Kg3 Bd5 42. Kf2 Be4 43. Ke2 Ke7 44. Kd2 Kd6 45. Kc3 Kc5 46. Ne6+ Kd6 47.
Ng5 Bb1 48. Kd4 Bc2 49. b4 axb4 50. axb4 Kc6 51. Nf7 Kb5 52. Kc3 Bb1 53. Nd6+ Kc6 54. Nc4 Kd5 55. Nd2 Ba2 56. Kb2 Bc4 57. Kc3 Be2 58. Nb3 Bd1 59. Nd4 Bg4 0-1

[Event "*** Titled Tuesday Blitz"]
[Site "Chess.com"]
[Date "2020.10.27"]
[Round "1"]
[White "BursaBBSatranc"]
[Black "pfalcon1949"]
[Result "1-0"]
[WhiteElo "2512"]
[BlackElo "1993"]
[TimeControl "180+1"]
[EndTime "10:08:34 PDT"]
[Termination "BursaBBSatranc won by resignation"]

1. d4 d5 2. Bf4 e6 3. e3 Nf6 4. Nf3 Bd6 5. Bg3 Bxg3 6. hxg3 Nbd7 7.
Nbd2 c5 8. c3 Qb6 9. Rb1 h6 10.
Bd3 O-O 11. b4 c4 12. Bc2 Re8 13. O-O e5 14. dxe5 Nxe5 15. Nxe5 Rxe5 16. Nf3 Re8 17. Qd4 Be6 18. a4 Qc7 19. Rbd1 b6 20. Qh4 Rad8 21.
Nd4 a6 22. Ra1 Qe5 23. a5 Qc7 24. axb6 Qxb6 25. Ra5 Bd7 26. Rfa1 Bb5 27. g4 Ne4 28.
Bxe4 dxe4 29. g5 hxg5 30. Qxg5 f6 31. Qg6 Rxd4 32. exd4 e3 33. fxe3 Rxe3 34. Rf1 Rxc3 35.
Qe4 Rd3 36. Qa8+ Kh7 37. Qe4+ Kh8 38. Rf4 Rd1+ 39. Kf2 Rd2+ 40. Ke1 c3 41. Rh4+ Kg8 42. Qd5+ Kf8 43. Rh8+ Ke7 44. Ra3 Qe6+ 45. Qxe6+ Kxe6 46. Rxc3 Rxd4 47. Rb3 Re4+ 48. Kf2 Re2+ 49. Kf3 Re5 50. Rc8 g5 51. Kf2 Kf5 52. g3 g4 53. Rc5 Ke6 54.
Rxe5+ Kxe5 55. Ke3 f5 56. Rc3 Kd5 57. Rc5+ Ke6 58.
Kf4 Kf6 59. Rxf5+ Kg6 60. Re5 Kf6 61. Rg5 Ke6 62. Rxg4 Kd5 63. Rg5+ Kc4 64. Rg4 Kxb4 65. Ke5+ Kc5 66. Rg5 Bc4 67. Ke4+ Kb4 68. Kd4 a5 69. Rxa5 Kxa5 70. Kxc4 Kb6 71. Kd5 Kc7 72. Ke6 Kd8 73.
Kf7 Kd7 74. g4 Kd6 75. g5 Ke5 76. g6 Kf5 77. g7 Ke4 78. g8=Q Kf3 79. Qg5 Kf2 80.
Kf6 Kf1 81. Kf5 1-0

[Event "*** Titled Tuesday Blitz"]
[Site "Chess.com"]
[Date "2020.10.27"]
[Round "1"]
[White "Ranindu2003"]
[Black "HrvojeZagreb"]
[Result "0-1"]
[WhiteElo "2567"]
[BlackElo "2242"]
[TimeControl "180+1"]
[EndTime "10:08:35 PDT"]
[Termination "HrvojeZagreb won by resignation"]

1. e4 e6 2. d4 d5 3. Nd2 dxe4 4. Nxe4 Nd7 5. Nf3 Ngf6 6. Nxf6+ Nxf6 7. Bd3 c5 8. dxc5 Bxc5 9. O-O Qc7 10. Bg5 Nd7 11. Qe2 O-O 12. Rad1 Re8 13. Bh4 f6 14. Bg3 e5 15. Bc4+ Kh8 16. Nh4 Nf8 17. Kh1 Be6 18. Bd3 Bf7 19. Qe4 Rad8 20. Bb5 Rxd1 21. Rxd1 Rd8 22.
Bd3 Qb6 23. f4 Rd4 24. Qe2 exf4 25. Bf2 Rxd3 26. Rxd3 Bxf2 27. Nf5 g6 28. Nd6 Be6 29. c3 Be3 30. h3 Qc6 31. Qf3 Qxf3 32. gxf3 Bxh3 33. Nxb7 Kg7 34. c4 Ne6 35. b4 Ng5 36. Kh2 Bf5 37. Rd8 Nxf3+ 38. Kg2 Ne5 39. Nd6 Bd3 40. Ne8+ Kh6 41. Nxf6 f3+ 42. Kg3 f2 43.
Rxd3 f1=Q 44. Rxe3 Qg1+ 45. Kf4 Qg5+ 46. Ke4 Qxf6 47. c5 Kg7 48. Kd5 Ng4 49. Re6 Qf7 50. Kd6 Nf6 51. Re7 Ne4+ 52. Kd7 Nf6+ 53. Kd6 Qxe7+ 54.
Kxe7 Nd5+ 55. Kd6 Nxb4 56. a4 g5 57. Ke5 h5 58. Kf5 g4 59. Kf4 Kf6 60. a5 Ke6 61. c6 Nxc6 62. a6 Nb4 63. Kg3 Nxa6 64. Kh4 Nc5 65. Kxh5 g3 0-1

[Event "*** Titled Tuesday Blitz"]
[Site "Chess.com"]
[Date "2020.10.27"]
[Round "1"]
[White "Treacherous_horse64"]
[Black "teacher4chess"]
[Result "1-0"]
[WhiteElo "2523"]
[BlackElo "2067"]
[TimeControl "180+1"]
[EndTime "10:08:36 PDT"]
[Termination "Treacherous_horse64 won by checkmate"]

1. d4 d5 2. Bf4 Nf6 3. e3 Bf5 4. Nf3 e6 5. Ne5 Bd6 6. Be2 O-O 7. g4 Be4 8. f3 Bg6 9. h4 h5 10. Nxg6 fxg6 11. g5 Bxf4 12. exf4 Nfd7 13. Qd2 c5 14. Bd3 cxd4 15. Bxg6 Qc7 16. Qxd4 Qxf4 17. Qxf4 Rxf4 18. Bxh5 g6 19. Bxg6 Ne5 20. Bh5 Nxf3+ 21. Ke2 Nd4+ 22.
Kd3 Nbc6 23. c3 Nf5 24. Nd2 Rf8 25. Rae1 Ng3 26. Bd1 Nxh1 27. Rxh1 e5 28. Bb3 e4+ 29. Ke3 R4f5 30. Rg1 Kg7 31. a3 a5 32. Rg4 b5 33.
h5 Ne5 34. Rg3 Nc4+ 35. Bxc4 bxc4 36. Kd4 Rf2 37. Ke3 Rh2 38. h6+ Kg6 39. b3 Rff2 40.
Nb1 Rf3+ 41. Rxf3 exf3 42. bxc4 f2 43. Nd2 Rg2 44. cxd5 Rxg5 45. c4 Rf5 46. Nf1 Kxh6 47. Ke4 Rf8 48. d6 Kg5 49. c5 Rf4+ 50. Kd5 Rf5+ 51. Ke6 Rxc5 52. d7 Rc6+ 53. Kd5 Rc1 54. d8=Q+ Kf4 55. Qf6+ Kg4 56. Qg6+ Kf3 57. Qf5+ Ke2 58.
Ng3+ Ke1 59. Qe4+ Kd1 60. Qe2# 1-0

[Event "*** Titled Tuesday Blitz"]
[Site "Chess.com"]
[Date "2020.10.27"]
[Round "1"]
[White "MikaelyanArman"]
[Black "ajedrezsinlimites"]
[Result "1-0"]
[WhiteElo "2820"]
[BlackElo "2426"]
[TimeControl "180+1"]
[EndTime "10:08:39 PDT"]
[Termination "MikaelyanArman won by resignation"]

1. Nf3 Nf6 2. g3 e6 3. Bg2 b6 4. O-O Bb7 5. b3 Be7 6. Bb2 O-O 7. c4 a5 8. Nc3 d5 9. cxd5 Nxd5 10. d4 Nd7 11.
Rc1 Rc8 12. Nxd5 Bxd5 13. Qd3 Nf6 14. Ne5 Bxg2 15. Kxg2 Qd5+ 16. Qf3 c5 17. Qxd5 exd5 18. Rfd1 Rfd8 19. dxc5 bxc5 20. Nd3 c4 21. Nf4 cxb3 22.
axb3 Rxc1 23. Rxc1 d4 24. Rc7 Bd6 25. Ra7 Bxf4 26.
gxf4 h6 27. Rxa5 d3 28. exd3 Rxd3 29. Bxf6 gxf6 30. Rb5 Kg7 31. f3 f5 32. Rb6 f6 33.
h4 h5 34. b4 Kg6 35. b5 Rd2+ 36. Kg1 Rd4 37. Kg2 Rxf4 38. Kg3 Rb4 39. Rb8 f4+ 40. Kf2 Rb2+ 41. Ke1 Rb3 42. b6 Kh7 43. Ke2 Kg7 44.
b7 Kh7 45. Kd2 Kg7 46. Kc2 Rb6 47. Kc3 Rb1 48. Kd4 Rb3 49. Kd5 Rb1 50. Kd6 Rb2 51. Ke6 Rb5 52. Ke7 Rb1 53. Kd6 Rb2 54. Kd5 Rb1 55. Ke4 Rb4+ 56. Kf5 Rb6 57. Kxf4 Rb4+ 58. Kf5 Rb5+ 59. Ke6 Rb1 60. f4 Rb2 61. Kd5 Rb1 62. Kd6 Rd1+ 63. Ke6 Rb1 64. Kf5 Rb5+ 65. Ke6 Rb1 66.
Rd8 Rxb7 67. Rd7+ Rxd7 68. Kxd7 Kg6 69. Ke6 Kg7 70. f5 Kh6 71. Kxf6 Kh7 72. Kg5 Kg7 73.
Kxh5 1-0